Map: Defender's Landing LE

Players

INnoVation - Winner!

  • Race: Terran Terran
  • Spawn Location: 1:00

herO

  • Race: Protoss Protoss
  • League: Master
  • Spawn Location: 7:00

VOD

Have the link to the VOD?

Description

Time

  • Played on: July 28, 2017, 10:36 p.m.
  • Length: 8:06
Show
View Real Time Build Order
Export as new Build Order

INnoVation Terran - Winner!

Build Orders: Reaper Expand, MMM Bio 

Get SALT Encoding   

  12  0:00  SCV  
  13  0:12  SCV  
  14  0:17  Supply Depot  
  14  0:24  SCV  
  14  0:27  Refinery  
  15  0:38  SCV  
  16  0:44  Barracks  
  16  0:50  SCV  
  17  1:03  SCV  
  18  1:15  SCV  
  19  1:31  Orbital Command, Reaper  
  20  1:42  Command Center  
  20  1:52  Factory  
  20  1:56  SCV  
  21  2:05  Barracks Reactor  
  21  2:08  SCV  
  21  2:09  Refinery  
  21  2:13  Supply Depot  
  22  2:20  SCV  
  23  2:35  SCV  
  24  2:39  Starport  
  24  2:41  Marine x2  
  24  2:44  Widow Mine  
  26  2:47  SCV  
  29  2:55  Orbital Command  
  29  2:58  Marine x2  
  29  2:59  SCV  
  32  3:12  Widow Mine  
  32  3:16  Marine x2, Medivac  
  32  3:19  SCV  
  38  3:21  SCV  
  38  3:26  Supply Depot  
  39  3:32  SCV  
  39  3:33  SCV  
  41  3:34  Marine x2  
  41  3:39  Barracks  
  43  3:44  SCV  
  43  3:45  SCV  
  45  3:51  Barracks  
  45  3:53  Marine x2  
  47  3:56  SCV  
  47  3:57  SCV  
  47  4:00  Supply Depot  
  49  4:06  Engineering Bay  
  49  4:08  Factory Tech Lab, Starport Tech Lab  
  49  4:13  SCV  
  49  4:14  SCV  
  51  4:19  Marine x2  
  52  4:28  SCV x2  
  51  4:35  Marine, Factory Reactor  
  51  4:36  Stimpack, Marine  
  51  4:37  Marine  
  51  4:38  Starport Reactor  
  53  4:41  Terran Infantry Weapons Level 1  
  53  4:43  SCV x2  
  53  4:51  Marine  
  51  4:53  Marine  
  51  4:54  Marine x2  
  51  4:55  SCV x2  
  51  4:57  Supply Depot  
  51  4:58  Refinery  
  54  5:07  SCV x2  
  54  5:10  Marauder  
  54  5:11  Marauder, Widow Mine  
  62  5:18  Marine x2, Medivac x2, Widow Mine  
  62  5:19  Supply Depot  
  70  5:22  Supply Depot  
  70  5:30  Combat Shields  
  70  5:34  Refinery  
  70  5:40  Marine x2  
  70  5:41  Marauder x2, SCV x2, Supply Depot  
  78  5:45  Supply Depot  
  78  5:46  Widow Mine  
  78  5:47  Widow Mine  
  82  5:55  SCV x2  
  84  5:59  Marine x2  
  84  6:03  Marauder x2  
  90  6:04  Medivac, Supply Depot  
  90  6:06  Medivac  
  94  6:12  SCV x2  
  94  6:16  Widow Mine x2  
  100  6:24  Marine x2  
  101  6:26  Marauder x2  
  105  6:33  Command Center  
  105  6:37  Concussive Shells  
  105  6:51  Marauder x2, Marine  
  110  6:56  Liberator x2  
  110  7:04  Barracks  
  110  7:05  Barracks, Supply Depot  
  110  7:07  Marine, Supply Depot  
  115  7:15  Starport  
  115  7:24  SCV x2  
  115  7:29  Marauder x2, Marine x2  
  123  7:36  SCV x2  
  125  7:39  Supply Depot  
  125  7:53  Barracks Tech Lab  
Show
View Real Time Build Order
Export as new Build Order

herO Protoss 

Build Orders: 1 Gate Expand, Phoenix Opening 

Get SALT Encoding   

  12  0:00  Probe (Chrono Boost)  
  13  0:11  Probe (Chrono Boost)  
  14  0:17  Pylon  
  14  0:22  Probe (Chrono Boost)  
  15  0:36  Probe (Chrono Boost), Gateway  
  15  0:42  Assimilator  
  16  0:46  Probe (Chrono Boost)  
  18  0:57  Probe (Chrono Boost)  
  18  1:07  Probe (Chrono Boost)  
  19  1:19  Nexus  
  19  1:22  Probe (Chrono Boost)  
  20  1:29  Assimilator  
  21  1:33  Probe (Chrono Boost)  
  21  1:38  Pylon  
  21  1:43  Probe (Chrono Boost)  
  22  1:54  Probe (Chrono Boost)  
  23  1:58  Cybernetics Core  
  25  2:04  Probe (Chrono Boost)  
  26  2:15  Probe (Chrono Boost)  
  26  2:32  Mothership Core (Chrono Boost)  
  26  2:35  Adept (Chrono Boost)  
  29  2:39  Stargate  
  29  2:46  Probe  
  30  2:51  Probe (Chrono Boost)  
  31  2:58  Probe (Chrono Boost)  
  31  2:59  Adept (Chrono Boost)  
  31  3:03  Probe (Chrono Boost)  
  33  3:09  Probe (Chrono Boost)  
  33  3:13  Probe (Chrono Boost), Warp Gate  
  34  3:21  Zealot (Chrono Boost), Probe  
  34  3:22  Phoenix (Chrono Boost)  
  39  3:27  Probe  
  39  3:29  Robotics Facility  
  39  3:33  Probe  
  41  3:40  Pylon, Probe  
  42  3:45  Probe (Chrono Boost)  
  42  3:47  Phoenix (Chrono Boost)  
  45  3:58  Probe x2 (Chrono Boost), Adept  
  45  4:01  Assimilator  
  49  4:04  Assimilator  
  49  4:08  Probe (Chrono Boost)  
  51  4:11  Probe (Chrono Boost)  
  51  4:12  Pylon  
  51  4:16  Observer  
  52  4:26  Probe (Chrono Boost), Phoenix  
  52  4:28  Probe (Chrono Boost)  
  50  4:37  Probe (Chrono Boost)  
  50  4:40  Probe (Chrono Boost)  
  50  4:47  Probe (Chrono Boost)  
  50  4:51  Probe (Chrono Boost)  
  50  4:52  Phoenix  
  53  4:58  Probe (Chrono Boost)  
  53  5:01  Probe (Chrono Boost)  
  53  5:04  Forge  
  53  5:06  Gateway  
  53  5:07  Twilight Council  
  54  5:09  Gateway  
  54  5:11  Probe (Chrono Boost)  
  54  5:12  Probe (Chrono Boost)  
  56  5:19  Warp Prism (Chrono Boost)  
  58  5:23  Probe  
  58  5:25  Pylon  
  58  5:26  Probe  
  60  5:33  Sentry  
  60  5:35  Pylon  
  62  5:41  Probe  
  62  5:43  Probe  
  62  5:44  Protoss Ground Weapons Level 1  
  64  5:50  Immortal (Chrono Boost)  
  64  5:51  Pylon  
  68  6:01  Probe  
  68  6:02  Probe  
  70  6:05  Resonating Glaives (Chrono Boost)  
  70  6:08  Sentry  
  70  6:09  Zealot x2  
  76  6:16  Gateway  
  76  6:27  Gateway  
  76  6:28  Gateway  
  76  6:33  Immortal  
  76  6:36  Pylon  
  76  6:38  Sentry  
  82  6:48  Stalker x2  
  86  6:54  Probe x2  
  88  7:05  Nexus  
  88  7:11  Pylon  
  90  7:24  Pylon, Sentry x2  
  90  7:26  Pylon  
  90  7:28  Pylon  
  90  7:29  Sentry  
  94  7:42  Gateway, Adept  
  94  7:43  Adept x2  
Tags
 
Add a new tag
Caveats
  • Supply blocks, unpowered buildings, or Contaminate may cause inaccurate times.
  • Supply counts are checked every 10 seconds.